 Dungeon Crawl Stone Soup version 0.31-a0-182-gc5ef74bbde (webtiles) character file.

Game seed: 11492591873112814790

4445 qw the Cleaver (level 10, -1/64 HPs)
             Began as a Gargoyle Fighter on June 20, 2023.
             Was a Follower of Okawaru.
             Slain by a two-headed ogre
             ... wielding a +0 giant club
              (19 damage)
             ... on level 8 of the Dungeon.
             The game lasted 00:03:38 (7150 turns).

qw the Cleaver (Gargoyle Fighter)                   Turns: 7150, Time: 00:03:38

Health: -1/64      AC: 26    Str: 24    XL:     10   Next: 37%
Magic:  8/11       EV: 10    Int:  9    God:    Okawaru [*.....]
Gold:   46         SH:  6    Dex:  9    Spells: 9/9 levels left

rFire   . . .        a - +4 war axe
rCold   . . .        c - +0 buckler
rNeg    + + .        g - +0 chain mail
rPois   inf          i - +0 helmet
rElec   +            (no cloak)
rCorr   .            j - +1 pair of gloves
SInv    +            (no boots)
Will    .....        (no amulet) Stlth
                     m - ring "Fecevahu" {rF+ rN+ Slay-2 SInv}
HPRegen 0.30/turn    o - +4 ring of protection
MPRegen 0.12/turn

%: no passive effects
@: about to teleport, heroic
A: sickness immunity, AC +7, negative energy resistance 1, electricity
resistance, torment resistance 1, petrification resistance, heat vulnerability
1, MP-powered wands
a: Renounce Religion, Heroism


You were on level 8 of the Dungeon.
You worshipped Okawaru.
Okawaru was aware of your devotion.
You visited 2 branches of the dungeon, and saw 9 of its levels.
You also visited: Ossuary.

You collected 269 gold pieces.
You spent 223 gold pieces at shops.


Innate Abilities, Weirdness & Mutations

You are immune to sickness and miasma.
Your stone body is resilient. (AC +7)
You are immune to poison.
You resist negative energy. (rN+)
You are resistant to electric shocks. (rElec)
You are resistant to unholy torment.
You are immune to petrification.
You are vulnerable to heat. (rF-)
You expend magic power (3 MP) to strengthen your wands.


   Skills:
 - Level 8.0(13.0) Fighting
 - Level 11.0(16.0) Axes
 + Level 5.1(10.1) Armour
 - Level 1.2(6.2) Dodging
 - Level 5.2(10.2) Shields
 + Level 2.1 Invocations


You had 9 spell levels left.
You didn't know any spells.
Your spell library was empty.

Inventory:

Hand Weapons
 a - a +4 war axe (weapon)
 b - a +2 morningstar
Armour
 c - a +0 buckler (worn)
 g - a +0 chain mail (worn)
 i - a +0 helmet (worn)
 j - a +1 pair of gloves (worn)
Jewellery
 m - the ring "Fecevahu" (left hand) {rF+ rN+ Slay-2 SInv}
   (You bought it in a shop on level 7 of the Dungeon)

   [ring of protection from fire]

   Slay:      It affects your accuracy & damage with ranged weapons and melee
   (-2).
   rF:        It protects you from fire.
   rN:        It protects you from negative energy.
   SInv:      It lets you see invisible.
 o - a +4 ring of protection (right hand)
 s - a ring of willpower
 Y - the ring "Aruekk" {+Blink rPois rF+}
   (You found it on level 4 of the Dungeon)

   [ring of protection from fire]

   rF:        It protects you from fire.
   rPois:     It protects you from poison.
   +Blink:    It lets you blink.
Scrolls
 f - 3 scrolls of identify
 r - a scroll of vulnerability {unknown}
 t - 4 scrolls of teleportation
Potions
 d - 2 potions of might
 e - 2 potions of cancellation
 h - a potion of mutation
 l - a potion of lignification
 n - 2 potions of enlightenment
 p - 2 potions of attraction
 q - a potion of haste

Dungeon Overview and Level Annotations

Branches:
Dungeon (8/15)             Temple (1/1) D:7         Ossuary (visited)
   Lair: D:8-11

Altars:
Ashenzari
Cheibriados
Dithmenos
Elyvilon
Fedhas
Gozag
Hepliaklqana
Kikubaaqudgha
Makhleb
Nemelex Xobeh
Okawaru
Qazlal
Sif Muna
Trog
Uskayaw
Vehumet
Wu Jian
Yredelemnul
Zin
The Shining One

Shops:
D:7 ?*[

Annotations:
D:7 3 runed translucent doors, qw's ghost, novice GrFi


Message History

You can access your shopping list by pressing '$'.
You now have 46 gold pieces (gained 10).
There is a stone staircase leading up here.
r - a scroll labelled HUIRI MOTZ A two-headed ogre comes into view.
It is wielding a +0 giant club and a +0 giant spiked club.
The two-headed ogre shouts in stereo!
7135 ||| INVOKING Heroism.
You gain the combat prowess of a mighty hero.
You barely miss the two-headed ogre.
The two-headed ogre hits you with a +0 giant club!!
The two-headed ogre hits you with a +0 giant spiked club!!
You completely miss the two-headed ogre.
You closely miss the two-headed ogre. The two-headed ogre barely misses you.
The two-headed ogre closely misses you.
You hit the two-headed ogre.
The two-headed ogre is lightly wounded.
You slash the two-headed ogre!
The two-headed ogre is lightly wounded.
The two-headed ogre barely misses you. The two-headed ogre closely misses you.
You barely miss the two-headed ogre.
The two-headed ogre is lightly wounded.
You hit the two-headed ogre.
The two-headed ogre is moderately wounded.
You feel like a meek peon again.
The two-headed ogre hits you with a +0 giant club.
The two-headed ogre hits you with a +0 giant spiked club.
7147 ||| INVOKING Heroism.
You gain the combat prowess of a mighty hero.
You slash the two-headed ogre!
The two-headed ogre is heavily wounded.
The two-headed ogre hits you with a +0 giant club!
The two-headed ogre hits you with a +0 giant spiked club.
7149 ||| READING 5 scrolls of teleportation.
As you read the scroll of teleportation, it crumbles to dust.
You feel strangely unstable.
7150 ||| DRINKING potion of heal wounds.
You feel much better.
The two-headed ogre hits you with a +0 giant club.
The two-headed ogre hits you with a +0 giant spiked club!!
You die...

....... .......
....... .......
....... .......
#####.......
#...@O.###
#.###.......
#####......#####
#.....<#...#
#......# ..#
#......# ..#
#......+ ..#
#......#.#...
#..........#


You could see a two-headed ogre.

Vanquished Creatures
  Maggie (D:7)
  A troll (D:7)
  Grinder (D:3)
  Prince Ribbit (D:7)
  A wraith (D:6)
  A water moccasin (D:5)
  A hornet zombie (Ossuary)
  A black bear (D:5)
  2 ice beasts
  An ogre (D:6)
  A centaur (D:6)
  4 bullfrogs
  7 scorpions
  A kobold brigand (D:7)
  A water moccasin zombie (Ossuary)
  4 elf skeletons (D:5)
  11 wights
  11 bullfrog zombies (Ossuary)
  A centaur zombie (Ossuary)
  A jelly (D:5)
  2 orc priests (D:7)
  A hound (D:4)
  A human skeleton (D:5)
  16 mummies (Ossuary)
  3 iguanas
  4 orc wizards
  2 killer bee zombies (Ossuary)
  6 adders
  4 gnolls (D:5)
  A shadow imp (D:6)
  A white imp (D:7)
  4 ufetubi
  2 worms (D:3)
  2 dart slugs
  5 orcs
  7 ball pythons
  7 endoplasms
  4 giant cockroaches
  5 goblins
  6 hobgoblins
  8 kobolds
  3 bats (D:1)
  2 frilled lizards
  An orc skeleton (D:5)
  3 rats
153 creatures vanquished.

Notes
Turn   | Place    | Note
-------+----------+-------------------------------------------
     0 | D:1      | qw the Gargoyle Fighter began the quest for the Orb.
     0 | D:1      | Reached XP level 1. HP: 14/14 MP: 1/1
     0 | D:1      | 0 ||| qw: Version: 0.3-a-9-g12657ce
     0 | D:1      | 0 ||| qw: Game counter: 1327
     0 | D:1      | 0 ||| qw: Always use a shield: true
     0 | D:1      | 0 ||| qw: God list: Okawaru
     0 | D:1      | 0 ||| qw: Allow faded altars: false
     0 | D:1      | 0 ||| qw: Do Orc after D:15 true
     0 | D:1      | 0 ||| qw: Do second Lair branch before Depths: true
     0 | D:1      | 0 ||| qw: Lair rune preference: random
     0 | D:1      | 0 ||| qw: Plans: Normal, Zot:1-4, Slime:5, God:TSO, Crypt,
                  | Tomb, Abyss, Pan, Hells, Win
     0 | D:1      | 0 ||| PLANNING D:1-11
    28 | D:1      | Reached skill level 2 in Axes
    97 | D:1      | Reached XP level 2. HP: 19/19 MP: 2/2
   175 | D:1      | 175 ||| Stepping ~*~*~tactically~*~*~ (hiding).
   253 | D:1      | Found a faded altar of an unknown god.
   411 | D:1      | Reached skill level 3 in Axes
   448 | D:1      | 448 ||| DROPPING +0 club.
   589 | D:1      | 589 ||| UPGRADING to +0 pair of gloves.
   594 | D:1      | 594 ||| READING scroll labelled WAVEATE EZISTRA.
   595 | D:1      | 595 ||| READING scroll labelled YRITEL FOOQASIO.
   596 | D:1      | 596 ||| READING scroll labelled HEWIKE BOIL.
   697 | D:1      | 697 ||| DRINKING 2 lumpy purple potions.
   698 | D:1      | 698 ||| DRINKING 2 fuming sapphire potions.
   699 | D:1      | 699 ||| DROPPING potion of degeneration.
   700 | D:1      | 700 ||| DROPPING potion of brilliance.
   751 | D:2      | Reached XP level 3. HP: 23/23 MP: 3/3
   865 | D:2      | Identified the +10 dagger "Dragonslayer" {venom, rElec
                  | rPois rF++ Dex-3}
  1005 | D:2      | 1005 ||| READING scroll of enchant weapon.
  1005 | D:2      | 1005 ||| ENCHANTING +1 war axe.
  1237 | D:2      | 1237 ||| READING scroll labelled TUILEZX XEROMN.
  1414 | D:3      | 1414 ||| Stepping ~*~*~tactically~*~*~ (hiding).
  1524 | D:3      | 1524 ||| Stepping ~*~*~tactically~*~*~ (stealth).
  1542 | D:3      | Reached XP level 4. HP: 28/28 MP: 4/4
  1653 | D:3      | 1653 ||| Stepping ~*~*~tactically~*~*~ (stealth).
  1763 | D:3      | Reached skill level 4 in Axes
  1878 | D:3      | HP: 5/28 [something/puff of flame (9)]
  1880 | D:3      | Reached XP level 5. HP: 6/32 MP: 5/5
  1983 | D:3      | 1983 ||| DROPPING +0 mace.
  1984 | D:3      | 1984 ||| DROPPING +0 whip.
  2047 | D:3      | Found a radiant altar of Vehumet.
  2098 | D:3      | Noticed Grinder
  2099 | D:3      | 2099 ||| Stepping ~*~*~tactically~*~*~ (hiding).
  2108 | D:3      | Paralysed by Grinder for 3 turns
  2113 | D:3      | Killed Grinder
  2114 | D:3      | Reached skill level 6 in Axes
  2114 | D:3      | Reached XP level 6. HP: 32/37 MP: 6/6
  2212 | D:3      | Found an ancient bone altar of Kikubaaqudgha.
  2212 | D:3      | Found a snail-covered altar of Cheibriados.
  2215 | D:3      | 2215 ||| DROPPING +6 ring of intelligence.
  2216 | D:3      | 2216 ||| READING scroll labelled XUYDECKISI.
  2217 | D:3      | 2217 ||| READING scroll labelled USEGHOE VOUHIT.
  2218 | D:3      | 2218 ||| DRINKING 2 silvery potions.
  2256 | D:4      | 2256 ||| Stepping ~*~*~tactically~*~*~ (stealth).
  2257 | D:4      | 2257 ||| Stepping ~*~*~tactically~*~*~ (stealth).
  2268 | D:4      | 2268 ||| FLEEEEING.
  2269 | D:4      | 2269 ||| FLEEEEING.
  2270 | D:4      | 2270 ||| STAIRDANCE
  2296 | D:4      | 2296 ||| STAIRDANCE
  2348 | D:4      | Identified the ring "Aruekk" {+Blink rPois rF+}
  2405 | D:4      | Reached skill level 1 in Dodging
  2427 | D:4      | Reached XP level 7. HP: 41/43 MP: 7/7
  2783 | D:4      | Found a blossoming altar of Fedhas.
  3064 | D:4      | 3064 ||| UPGRADING to +0 chain mail.
  3074 | D:4      | 3074 ||| DROPPING +0 scale mail.
  3075 | D:4      | 3075 ||| UPGRADING to ring "Aruekk" {+Blink rPois rF+}.
  3076 | D:4      | 3076 ||| READING scroll labelled COSU ELOFIL.
  3077 | D:4      | 3077 ||| READING scroll labelled SAMYGIEMEA.
  3086 | D:5      | Entered Level 5 of the Dungeon
  3087 | D:5      | 3087 ||| PLANNING OSSUARY
  3101 | D:5      | 3101 ||| Stepping ~*~*~tactically~*~*~ (stealth).
  3114 | D:5      | 3114 ||| Stepping ~*~*~tactically~*~*~ (stealth).
  3129 | D:5      | Reached skill level 7 in Axes
  3134 | D:5      | HP: 10/43 [gnoll/+0 spear (3)]
  3364 | D:5      | 3364 ||| READING scroll of enchant weapon.
  3364 | D:5      | 3364 ||| ENCHANTING +2 war axe.
  3400 | D:5      | Reached XP level 8. HP: 22/49 MP: 8/8
  3518 | D:5      | 3518 ||| DROPPING +0 flail.
  3520 | D:5      | 3520 ||| Stepping ~*~*~tactically~*~*~ (hiding).
  3521 | D:5      | 3521 ||| Stepping ~*~*~tactically~*~*~ (hiding).
  3522 | D:5      | 3522 ||| Stepping ~*~*~tactically~*~*~ (hiding).
  3536 | D:5      | Reached skill level 8 in Axes
  3649 | D:5      | 3649 ||| READING scroll of enchant weapon.
  3649 | D:5      | 3649 ||| ENCHANTING +3 war axe.
  3716 | D:5      | Found a sand-covered staircase.
  3719 | D:5      | 3719 ||| UPGRADING to +4 ring of protection.
  3720 | D:5      | 3720 ||| READING scroll labelled GAIRGH JIEMO.
  3721 | D:5      | 3721 ||| READING scroll labelled MAQOULI ZEYTO.
  3725 | Ossuary  | Entered an ossuary
  3727 | Ossuary  | 3727 ||| Stepping ~*~*~tactically~*~*~ (hiding).
  3739 | Ossuary  | 3739 ||| Stepping ~*~*~tactically~*~*~ (water).
  3741 | Ossuary  | 3741 ||| Stepping ~*~*~tactically~*~*~ (water).
  3753 | Ossuary  | Reached skill level 6 in Fighting
  3768 | Ossuary  | 3768 ||| FLEEEEING.
  3833 | Ossuary  | 3833 ||| Stepping ~*~*~tactically~*~*~ (stealth).
  3834 | Ossuary  | 3834 ||| Stepping ~*~*~tactically~*~*~ (stealth).
  3865 | Ossuary  | 3865 ||| Stepping ~*~*~tactically~*~*~ (stealth).
  3874 | Ossuary  | 3874 ||| Stepping ~*~*~tactically~*~*~ (stealth).
  3884 | Ossuary  | 3884 ||| Stepping ~*~*~tactically~*~*~ (water).
  3929 | Ossuary  | 3929 ||| READING scroll of enchant armour.
  3929 | Ossuary  | 3929 ||| ENCHANTING +0 pair of gloves.
  3931 | Ossuary  | 3931 ||| Stepping ~*~*~tactically~*~*~ (stealth).
  3967 | Ossuary  | 3967 ||| Stepping ~*~*~tactically~*~*~ (stealth).
  3999 | Ossuary  | Reached skill level 9 in Axes
  4017 | Ossuary  | Reached XP level 9. HP: 40/55 MP: 9/9
  4062 | Ossuary  | 4062 ||| Stepping ~*~*~tactically~*~*~ (stealth).
  4065 | Ossuary  | 4065 ||| Stepping ~*~*~tactically~*~*~ (water).
  4231 | Ossuary  | 4231 ||| READING 2 scrolls labelled BONEVE ILUSK.
  4232 | Ossuary  | 4232 ||| READING 2 scrolls labelled FEDEIXTAMN.
  4236 | Ossuary  | 4236 ||| DRINKING 2 smoky golden potions.
  4236 | Ossuary  | Gained mutation: You are vulnerable to heat. (rF-) [potion
                  | of mutation]
  4236 | Ossuary  | Gained mutation: You expend magic power (3 MP) to
                  | strengthen your wands. [potion of mutation]
  4237 | Ossuary  | 4237 ||| DRINKING 2 smoky amethyst potions.
  4238 | Ossuary  | 4238 ||| DRINKING 3 emerald potions.
  4239 | Ossuary  | 4239 ||| DRINKING 2 black potions.
  4240 | Ossuary  | 4240 ||| READING 4 scrolls of identify.
  4240 | Ossuary  | 4240 ||| IDENTIFYING lumpy dark potion
  4241 | Ossuary  | 4241 ||| READING 3 scrolls of identify.
  4241 | Ossuary  | 4241 ||| IDENTIFYING sedimented pink potion
  4242 | Ossuary  | 4242 ||| READING 2 scrolls of identify.
  4242 | Ossuary  | 4242 ||| IDENTIFYING ruby potion
  4243 | Ossuary  | 4243 ||| DROPPING potion of invisibility.
  4244 | Ossuary  | 4244 ||| DROPPING scroll of poison.
  4256 | D:5      | 4256 ||| PLANNING D:1-11
  4344 | D:5      | 4344 ||| Stepping ~*~*~tactically~*~*~ (hiding).
  4345 | D:5      | 4345 ||| Stepping ~*~*~tactically~*~*~ (hiding).
  4825 | D:6      | 4825 ||| Stepping ~*~*~tactically~*~*~ (hiding).
  4826 | D:6      | 4826 ||| Stepping ~*~*~tactically~*~*~ (hiding).
  4839 | D:6      | Reached skill level 10 in Axes
  5452 | D:6      | Found a basalt altar of Yredelemnul.
  5461 | D:6      | Found a bloodstained altar of Trog.
  5461 | D:6      | Found a broken altar of Ashenzari.
  5461 | D:6      | Found a sparkling altar of Nemelex Xobeh.
  5466 | D:6      | Found a stormy altar of Qazlal.
  5543 | D:6      | 5543 ||| READING 2 scrolls of identify.
  5543 | D:6      | 5543 ||| IDENTIFYING bubbling ruby potion
  5604 | D:7      | Found a staircase to the Ecumenical Temple.
  5605 | D:7      | 5605 ||| PLANNING TEMPLE
  5610 | Temple   | Entered the Ecumenical Temple
  5655 | Temple   | 5655 ||| PLANNING OKAWARU WORSHIP
  5694 | Temple   | Became a worshipper of Warmaster Okawaru
  5695 | Temple   | 5695 ||| PLANNING D:1-11
  6012 | D:7      | 6012 ||| Stepping ~*~*~tactically~*~*~ (hiding).
  6020 | D:7      | Reached XP level 10. HP: 61/64 MP: 10/10
  6037 | D:7      | Found a runed translucent gate.
  6038 | D:7      | Found a runed translucent gate.
  6039 | D:7      | Found a runed translucent gate.
  6040 | D:7      | Found an opulent altar of Gozag.
  6041 | D:7      | Found Nigorghoc's Armour Emporium.
  6050 | D:7      | 6050 ||| BUYING +0 helmet (72 gold).
  6050 | D:7      | Bought a +0 helmet for 72 gold pieces
  6050 | D:7      | 6050 ||| SHOPLISTING +4 scale mail of fire resistance (496
                  | gold, have 142).
  6155 | D:7      | Found Hyahom's Magic Scroll Shop.
  6201 | D:7      | 6201 ||| Stepping ~*~*~tactically~*~*~ (stealth).
  6212 | D:7      | 6212 ||| Stepping ~*~*~tactically~*~*~ (stealth).
  6249 | D:7      | 6249 ||| Stepping ~*~*~tactically~*~*~ (stealth).
  6335 | D:7      | Reached * piety under Okawaru
  6345 | D:7      | 6345 ||| INVOKING Heroism.
  6607 | D:7      | Found Lierak's Assorted Antiques.
  6609 | D:7      | 6609 ||| Stepping ~*~*~tactically~*~*~ (stealth).
  6619 | D:7      | 6619 ||| BUYING flickering granite ring (125 gold).
  6619 | D:7      | Bought a flickering granite ring for 125 gold pieces
  6619 | D:7      | Identified the ring "Fecevahu" {rF+ rN+ Slay-2 SInv} (You
                  | bought it in a shop on level 7 of the Dungeon)
  6619 | D:7      | 6619 ||| SHOPLISTING scroll of identify (50 gold, have 37).
  6634 | D:7      | Noticed Prince Ribbit
  6645 | D:7      | Killed Prince Ribbit
  6691 | D:7      | Noticed Maggie
  6702 | D:7      | Killed Maggie
  6703 | D:7      | Reached skill level 11 in Axes
  6703 | D:7      | Reached skill level 1 in Invocations
  6736 | D:7      | Found a glowing golden altar of the Shining One.
  6832 | D:7      | 6832 ||| Stepping ~*~*~tactically~*~*~ (hiding).
  6893 | D:7      | 6893 ||| BUYING scroll of identify (26 gold).
  6893 | D:7      | Bought a scroll of identify for 26 gold pieces
  6893 | D:7      | 6893 ||| SHOPLISTING scroll of teleportation (39 gold, have
                  | 36).
  6923 | D:7      | 6923 ||| DRINKING 2 potions of curing.
  6923 | D:7      | 6923 ||| (to cure confusion)
  6925 | D:7      | 6925 ||| DRINKING potion of curing.
  6925 | D:7      | 6925 ||| (to cure confusion)
  7023 | D:7      | Noticed qw's ghost (novice GrFi)
  7024 | D:7      | Noticed a wizard
  7026 | D:7      | 7026 ||| UPGRADING to +0 helmet.
  7031 | D:7      | 7031 ||| UPGRADING to ring "Fecevahu" {rF+ rN+ Slay-2
                  | SInv}.
  7033 | D:7      | 7033 ||| READING 4 scrolls of identify.
  7033 | D:7      | 7033 ||| IDENTIFYING blue potion
  7034 | D:7      | 7034 ||| DROPPING potion of ambrosia.
  7134 | D:8      | Noticed a two-headed ogre
  7135 | D:8      | 7135 ||| INVOKING Heroism.
  7147 | D:8      | 7147 ||| INVOKING Heroism.
  7148 | D:8      | HP: 8/64 [two-headed ogre/+0 giant club (13)]
  7148 | D:8      | HP: 3/64 [two-headed ogre/+0 giant club (5)]
  7149 | D:8      | 7149 ||| READING 5 scrolls of teleportation.
  7150 | D:8      | 7150 ||| DRINKING potion of heal wounds.
  7150 | D:8      | Slain by a two-headed ogre

Levels and vault maps discovered:
D:1:      dpeg_arrival_round_c, layout_basic,
          dreamdust_ecumenical_altar_statues, moated_statue
D:2:      layout_rooms, serial_park_tiny_2, kennysheep_crisscross,
          grunt_decor_resistance, kennysheep_small_spiral,
          lightli_corner_chamber
D:3:      layout_loops_ring, nicolae_vehumet_altar_sigil,
          gammafunk_temple_overflow_elements, uniq_grinder
D:4:      layout_cave_pods, fedhas_altar_1
D:5:      layout_loops_ring, nicolae_ossuary_entry_catacombs,
          minmay_misc_feat_enclosed, reono_crystal_passage,
          minmay_misc_feat_room
D:6:      layout_loops_cross, minitemple
D:7:      layout_loops_corners, nicolae_overflow_hidden_temple,
          minmay_temple_entry_hall, ebering_ghost_gozag, serial_shops, shop,
          nicolae_shop_stone, hangedman_abyss_or_decor_lesser_grid,
          kennysheep_windowed_goal, uniq_prince_ribbit1, uniq_maggie
D:8:      layout_basic, dk_noncrumbling_4, uniq_grum
Temple:   compressed_dpeg_circular_temple

Skill      XL: |  1  2  3  4  5  6  7  8  9 10 |
---------------+-------------------------------+-----
Axes           | 2 3 4 6 7 9 10 11 | 11.0
Fighting       | 4 5 6 8 |  8.0
Dodging        | 1 |  1.2
Armour         | 4 5 |  5.1
Shields        | 5 |  5.2
Invocations    | 2 |  2.1

Action                     |  1- 3 |  4- 6 |  7- 9 | 10-12 || total
---------------------------+-------+-------+-------+-------++-------
  Melee: War axe           |    87 |    80 |   353 |    77 ||   597
  Throw: Boomerang         |       |     1 |       |       ||     1
 Invoke: Heroism           |       |       |       |     3 ||     3
    Use: Scroll            |     5 |     2 |    13 |     2 ||    22
         Potion            |     2 |     1 |     4 |     3 ||    10
 Armour: Scale mail        |    47 |    48 |     8 |       ||   103
         Chain mail        |       |       |   163 |    29 ||   192
  Dodge: Dodged            |    37 |    21 |    94 |    31 ||   183
  Block: Buckler           |    18 |    14 |    42 |    18 ||    92

Table legend:
 A = Non-vault XP
 B = Vault XP
 C = Vault XP percentage of total XP
 D = Non-vault monster count
 E = Vault monster count
 F = Vault count percentage of total count
                 A         B        C        D         E       F
            +---------+---------+-------+---------+---------+-------
      Total |    3644 |    2707 |  42.6 |     109 |      44 |  28.8
            +---------+---------+-------+---------+---------+-------
        D:1 |      33 |       0 |   0.0 |      17 |       0 |   0.0
        D:2 |      21 |       0 |   0.0 |       6 |       0 |   0.0
        D:3 |     137 |     277 |  66.9 |      21 |       1 |   4.5
        D:4 |     367 |       0 |   0.0 |      15 |       0 |   0.0
        D:5 |     773 |     369 |  32.3 |      16 |       6 |  27.3
        D:6 |     980 |       0 |   0.0 |      12 |       0 |   0.0
        D:7 |    1333 |     852 |  39.0 |      22 |       5 |  18.5
    Ossuary |       0 |    1209 | 100.0 |       0 |      32 | 100.0
            +---------+---------+-------+---------+---------+-------
